 Dungeon Crawl Stone Soup version 0.31-a0-219-g8d62b2e7bb (webtiles) character file.

Game seed: 6589406067818668581

14582 Maxmaps the Spear-Bearer (level 11, -9/77 HPs)
             Began as a Demonspawn Summoner on July 3, 2023.
             Was an Initiate of Gozag.
             Mangled by a reaper
             ... wielding a +2 scythe of freezing
              (30 damage)
             ... in an ice cave.
             The game lasted 00:19:32 (12257 turns).

Maxmaps the Spear-Bearer (Demonspawn Summoner)     Turns: 12257, Time: 00:19:33

Health: -9/77      AC: 27    Str:  9    XL:     11   Next: 90%
Magic:  14/14      EV: 18    Int: 20    God:    Gozag
Gold:   1770       SH: 10    Dex: 14    Spells: 13/14 levels left

rFire   + . .        x - +1 trident
rCold   + + +        w - +1 buckler {AC+3}
rNeg    . . .        l - +4 skin of Zhor {*Englaciate rC+++ SInv}
rPois   .            B - +0 helmet
rElec   .            C - +1 cloak
rCorr   +            k - +2 pair of gloves
SInv    +            I - +0 pair of boots
Will    ++...        (no amulet)
Stlth   ++           n - +5 ring of evasion
HPRegen 0.32/turn    E - ring of Sele Roh {rF+ Will++ rCorr}
MPRegen 0.14/turn

%: no passive effects
@: mighty
A: icy blue scales 1, icemail 2, spiny 1, condensation shield, demonic touch 1
a: Renounce Religion, Potion Petition, Call Merchant, Bribe Branch


You were in an ice cave.
You worshipped Gozag.
Gozag was most pleased with you.
You visited 2 branches of the dungeon, and saw 12 of its levels.
You also visited: Ice Cave.

You collected 2148 gold pieces.
You paid 378 gold pieces to Gozag.

Inventory:

Hand Weapons
 x - a +1 trident (weapon)
Missiles
 L - a throwing net
Armour
 k - a +2 pair of gloves (worn)
 l - the +4 skin of Zhor (worn) {*Englaciate rC+++ SInv}
   (You found it in an ice cave)

   *Englaciate: It radiates cold, occasionally slowing all nearby creatures who
   are not resistant to cold.
   rC:        It renders you almost immune to cold.
   SInv:      It lets you see invisible.
 s - a +5 ring mail
 w - a +1 buckler of protection (worn)
 B - a +0 helmet (worn)
 C - a +1 cloak (worn)
 I - a +0 pair of boots (worn)
Magical Staves
 p - the staff "Koalyathi" {rElec rC+ Int+7 Ice}
   (You found it in an ice cave)

   [staff of cold]

   Base accuracy: +5 Base damage: 5 Base attack delay: 1.2 This weapon's minimum
   attack delay (0.6) is reached at skill level 12.
   Int:       It affects your intelligence (+7).
   rC:        It protects you from cold.
   rElec:     It insulates you from electricity.
   Ice:       It increases the power of your Ice spells.
   It falls into the 'Staves' category.
   It is a one-handed weapon.
Jewellery
 d - a ring of protection from cold
 e - a ring of willpower
 m - an amulet of guardian spirit
 n - a +5 ring of evasion (left hand)
 o - a ring of wizardry
 v - a ring of magical power
 y - a +4 ring of protection
 E - the ring of Sele Roh (right hand) {rF+ Will++ rCorr}
   (You found it on level 8 of the Dungeon)

   [ring of resist corrosion]

   rF:        It protects you from fire.
   rCorr:     It protects you from acid and corrosion.
   Will:      It greatly increases your willpower.
Wands
 h - a wand of flame (7)
 z - a wand of paralysis (6)
 G - a wand of polymorph (15)
Scrolls
 a - a scroll of fog
 J - a scroll of enchant weapon
Potions
 b - 3 potions of magic
 c - 2 potions of mutation
 f - 2 potions of lignification
 i - 3 potions of ambrosia {unknown}
 j - a potion of might
 q - a potion of resistance
 r - 2 potions of curing
 t - a potion of attraction {unknown}
 u - a potion of enlightenment {unknown}
 D - 2 potions of haste {unknown}
 H - a potion of brilliance {unknown}


   Skills:
 - Level 4.3 Fighting
 - Level 14.0 Polearms
 - Level 7.2 Armour
 + Level 4.1 Dodging
 - Level 1.8 Stealth
 - Level 5.1 Shields
 - Level 0.1 Unarmed Combat
 - Level 2.2 Spellcasting
 - Level 4.5 Summonings


You had 13 spell levels left.
You knew the following spells:

 Your Spells              Type           Power      Damage    Failure   Level
a - Summon Small Mammal   Summ           80%        N/A       3%          1

Your spell library contained the following spells:

 Spells                   Type           Power      Damage    Failure   Level
 Call Imp                 Summ           40%        N/A       5%          2
 Call Canine Familiar     Summ           20%        N/A       11%         3
 Apportation              Tloc           4%         N/A       22%         1
 Necrotise                Necr           8%         1d4       22%         1
 Summon Guardian Golem    Hex/Summ       11%        N/A       26%         3
 Blink                    Tloc           4%         N/A       32%         2
 Lesser Beckoning         Tloc           4%         N/A       32%         2
 Momentum Strike          Conj/Tloc      4%         3d8       32%         2
 Summon Lightning Spire   Summ/Air       11%        N/A       65%         4
 Iskenderun's Battlesphe  Conj           2%         2d6       99%         5
 Leda's Unmaking          Conj/Erth      1%         9d1       100%        6
 Spellforged Servitor     Conj/Summ      5%         N/A       100%        7


Dungeon Overview and Level Annotations

Branches:
Dungeon (11/15)            Temple (1/1) D:5            Lair (0/5) D:9
    Orc (0/2) D:10          IceCv (1/1)

Altars:
Ashenzari
Cheibriados
Dithmenos
Fedhas
Gozag
Hepliaklqana
Kikubaaqudgha
Makhleb
Nemelex Xobeh
Okawaru
Qazlal
Ru
Sif Muna
Trog
Uskayaw
Vehumet
Wu Jian
Xom
Yredelemnul

Shops:
D:10 [

Annotations:
D:5 1 runed translucent door, lunkers's ghost, novice MeWn


Innate Abilities, Weirdness & Mutations

You are partially covered in icy blue scales. (AC +2)
A meltable icy envelope protects you from harm. (AC +8)
You are partially covered in sharp spines.
A meltable shield of frost defends you. (SH +4)
Your touch may inflict minor irresistible damage on your foes.


Message History

[c] - 192 gold - heal wounds and curing Purchase which effect?
You feel much better.
You feel better. The reaper is struck by your spines.
The reaper hits you with a +2 scythe of freezing!!
The reaper freezes you.
Okay, then.
It was a potion of heal wounds.
You feel much better. You block the reaper's attack.
You closely miss the reaper.
The reaper is lightly wounded.
You hit the reaper but do no damage.
The reaper is lightly wounded.
You block the reaper's attack.
You hit the reaper.
The reaper is lightly wounded.
You block the reaper's attack.
You puncture the reaper!
The reaper is moderately wounded.
You hit the reaper but do no damage.
The reaper is moderately wounded.
The reaper hits you with a +2 scythe of freezing!!
The reaper freezes you.
You hit the reaper but do no damage.
The reaper is moderately wounded.
You radiate an aura of cold.
The reaper is unaffected.
The reaper is struck by your spines.
The reaper hits you with a +2 scythe of freezing!!
* * * LOW HITPOINT WARNING * * *
The reaper freezes you.
* * * LOW HITPOINT WARNING * * *
You feel much better.
The reaper hits you with a +2 scythe of freezing.
* * * LOW HITPOINT WARNING * * *
Okay, then.
Press: ? - help, v - describe, . - travel An ice covered rock wall.
You radiate an aura of cold.
The reaper is unaffected.
The reaper hits you from afar with a +2 scythe of freezing!!
You die...
Your body crumbles into a pile of gold.

###≈≈≈≈≈≈##.#
#≈≈≈≈≈≈#.##
≈≈≈≈≈≈≈#.#
≈≈≈≈≈≈~~##
≈≈≈≈≈≈~~##
#≈≈≈≈≈#~~#
###≈≈≈###~##
#.########~#
####...##.###@#
#.#.#..#...#.##
##..##.#..#.2#.#
#...####.##....#
##.###########..#
#..# #..## ##.#
#.## #...# ###
#.### #..)#
##..###.⌠.#


You could see a reaper.

Vanquished Creatures
  Erica (D:11)
  2 two-headed ogres
  Maurice (D:11)
  Joseph (D:8)
  An anaconda simulacrum (IceCv)
  Psyche (D:8)
  A komodo dragon (D:9)
  A troll (D:10)
  Prince Ribbit (D:7)
  A hornet (D:7)
  A dire elephant simulacrum (IceCv)
  A vampire (D:11)
  A wraith (D:11)
  3 shadows (D:10)
  27 yaks
  3 death yak simulacra (IceCv)
  A steam dragon (D:8)
  3 acid dragons
  A sky beast (D:7)
  2 orc warriors
  An ice beast (D:7)
  A black bear (D:5)
  6 ogres
  3 centaurs
  3 phantoms
  3 kobold brigands
  2 bullfrogs
  A gnoll sergeant (D:8)
  4 scorpions
  A cane toad simulacrum (IceCv)
  10 two-headed ogre simulacra
  13 wights
  3 killer bees (D:9)
  A troll zombie (D:10)
  2 elephant simulacra (IceCv)
  A howler monkey (D:8)
  4 orc priests
  4 hounds
  A gnoll bouda (D:5)
  2 jellies (D:5)
  An iguana (D:5)
  Terence (D:3)
  9 orc wizards
  Natasha (thrice) (D:4)
  2 polar bear simulacra (IceCv)
  6 troll simulacra (IceCv)
  6 spriggan simulacra (IceCv)
  3 wolf simulacra (IceCv)
  7 ogre zombies (D:10)
  13 gnolls
  5 adders
  6 naga simulacra
  A shadow imp (D:7)
  4 white imps (IceCv)
  5 ufetubi (IceCv)
  A dart slug (D:1)
  29 orcs
  3 endoplasms (D:1)
  A giant cockroach (D:4)
  2 goblins
  4 hobgoblins
  3 jackals (D:3)
  A quokka (D:2)
  6 ball pythons
  2 bats
  2 goblin skeletons (D:10)
  3 goblin zombies (D:10)
  3 hobgoblin skeletons (D:10)
  2 hobgoblin zombies (D:10)
  14 kobolds
  4 orc skeletons (D:10)
  11 orc zombies (D:10)
  6 rats
289 creatures vanquished.

Vanquished Creatures (collateral kills)
  A worm (D:2)
  2 dart slugs (D:1)
  An endoplasm (D:1)
  2 goblins (D:1)
  A rat (D:1)
7 creatures vanquished.

Vanquished Creatures (others)
  An orc wizard (D:9)
1 creature vanquished.

Grand Total: 297 creatures vanquished

Notes
Turn   | Place    | Note
-------+----------+-------------------------------------------
     0 | D:1      | Maxmaps the Demonspawn Summoner began the quest for the
                  | Orb.
     0 | D:1      | Reached XP level 1. HP: 13/13 MP: 3/3
   378 | D:1      | Gained mutation: You are partially covered in sharp spines.
                  | [demonic ancestry]
   378 | D:1      | Reached XP level 2. HP: 19/19 MP: 5/5
  1106 | D:2      | Reached skill level 1 in Fighting
  1106 | D:2      | Reached XP level 3. HP: 24/26 MP: 4/6
  2156 | D:3      | Noticed Terence
  2185 | D:3      | Killed Terence
  2186 | D:3      | Reached XP level 4. HP: 18/34 MP: 7/7
  2234 | D:3      | Noticed an ogre
  2269 | D:3      | Killed an ogre
  2270 | D:3      | Gained mutation: A meltable shield of frost defends you.
                  | (SH +4) [demonic ancestry]
  2270 | D:3      | Reached XP level 5. HP: 39/42 MP: 2/8
  2457 | D:3      | Found a stormy altar of Qazlal.
  2720 | D:4      | Noticed a phantom
  2735 | D:4      | Killed a phantom
  2736 | D:4      | Reached skill level 2 in Polearms
  2942 | D:4      | Noticed an ogre
  2954 | D:4      | Killed an ogre
  2955 | D:4      | Reached skill level 1 in Shields
  2955 | D:4      | Gained mutation: Your touch may inflict minor irresistible
                  | damage on your foes. [demonic ancestry]
  2955 | D:4      | Reached XP level 6. HP: 48/48 MP: 9/9
  2966 | D:4      | Noticed Natasha
  2984 | D:4      | Killed Natasha
  3071 | D:4      | Noticed Natasha
  3078 | D:4      | Killed Natasha
  3308 | D:4      | Noticed Natasha
  3324 | D:4      | Killed Natasha
  3374 | D:5      | Entered Level 5 of the Dungeon
  3381 | D:5      | Noticed a yak
  3381 | D:5      | Noticed a yak
  3382 | D:5      | Noticed a yak
  3383 | D:5      | Noticed a yak
  3384 | D:5      | Noticed a yak
  3390 | D:5      | Noticed a yak
  3405 | D:4      | Killed a yak
  3406 | D:4      | Gained mutation: A meltable icy envelope protects you from
                  | harm. (AC +8) [demonic ancestry]
  3406 | D:4      | Reached XP level 7. HP: 44/54 MP: 10/10
  3630 | D:5      | Found a staircase to the Ecumenical Temple.
  3788 | D:5      | Reached skill level 5 in Shields
  3799 | D:5      | Found a runed translucent door.
  3799 | D:5      | Noticed lunkers's ghost (novice MeWn)
  3869 | D:5      | Killed a yak
  3870 | D:5      | Reached skill level 3 in Polearms
  3883 | D:5      | Killed a yak
  3884 | D:5      | Reached skill level 4 in Polearms
  3884 | D:5      | Gained mutation: You are partially covered in icy blue
                  | scales. (AC +2) [demonic ancestry]
  3884 | D:5      | Reached XP level 8. HP: 44/60 MP: 11/11
  3898 | D:5      | Reached skill level 5 in Polearms
  3929 | D:5      | Reached skill level 6 in Polearms
  4001 | D:5      | Found a sacrificial altar of Ru.
  4073 | D:5      | Reached skill level 7 in Polearms
  4568 | Temple   | Entered the Ecumenical Temple
  5124 | D:6      | Reached XP level 9. HP: 65/65 MP: 12/12
  5139 | D:6      | Found a broken altar of Ashenzari.
  5154 | D:6      | Reached skill level 8 in Polearms
  5781 | D:6      | Found an opulent altar of Gozag.
  5952 | D:6      | Became a worshipper of Gozag Ym Sagoz the Greedy
  6030 | D:7      | Noticed Prince Ribbit
  6110 | D:7      | Reached skill level 9 in Polearms
  6217 | D:7      | Killed Prince Ribbit
  6285 | D:7      | Found a shimmering blue altar of Sif Muna.
  6353 | D:7      | Reached skill level 10 in Polearms
  6851 | D:7      | Found an ancient bone altar of Kikubaaqudgha.
  6992 | D:7      | You fall into a shaft and drop 2 floors!
  7062 | D:8      | Noticed Joseph
  7075 | D:8      | HP: 2/65 [Joseph/sling bullet (4)]
  7505 | D:8      | Killed Joseph
  7506 | D:8      | Reached skill level 11 in Polearms
  7506 | D:8      | Gained mutation: A meltable icy envelope protects you from
                  | harm. (AC +8) [demonic ancestry]
  7506 | D:8      | Reached XP level 10. HP: 58/72 MP: 13/13
  8016 | D:8      | Identified the ring of Sele Roh {rF+ Will++ rCorr}
  8025 | D:8      | Noticed Psyche
  8033 | D:8      | Killed Psyche
  8034 | D:8      | Reached skill level 12 in Polearms
  9126 | D:9      | Reached skill level 13 in Polearms
  9179 | D:9      | Found a staircase to the Lair.
  9330 | D:10     | Entered Level 10 of the Dungeon
  9501 | D:10     | Reached XP level 11. HP: 64/77 MP: 14/14
  9670 | D:10     | Found a basalt altar of Yredelemnul.
  9786 | D:10     | Found Onnes's Armour Shoppe.
  9786 | D:10     | Noticed an animated crystal plate armour
  9836 | D:10     | Reached skill level 14 in Polearms
  9854 | D:10     | Reached skill level 1 in Armour
  9909 | D:10     | Noticed an animated gold dragon scales
  9964 | D:10     | Found a staircase to the Orcish Mines.
 10341 | D:10     | Noticed a two-headed ogre
 10358 | D:10     | Killed a two-headed ogre
 10603 | D:11     | Reached skill level 5 in Armour
 10603 | D:11     | Noticed Erica
 10622 | D:11     | Killed Erica
 10652 | D:11     | Noticed Maurice
 10659 | D:11     | Noticed a two-headed ogre
 10710 | D:11     | Killed a two-headed ogre
 10760 | D:11     | Killed Maurice
 10775 | D:11     | Found a frozen archway.
 10815 | IceCv    | Entered an ice cave
 10941 | IceCv    | Found the +4 skin of Zhor {*Englaciate rC+++ SInv}
 11343 | IceCv    | Identified the staff "Koalyathi" {rElec rC+ Int+7 Ice}
 12154 | IceCv    | Noticed a reaper
 12253 | IceCv    | HP: 3/77 [reaper/+2 scythe of freezing (1)]
 12257 | IceCv    | Mangled by a reaper

Illustrated notes

Levels and vault maps discovered:
D:1:      roderic_crossed_star, layout_loops_corners
D:2:      layout_basic, serial_curves, eino_curves_04, eino_curves_02
D:3:      layout_loops_ring, mainiacjoe_overflow_paths, serial_forest,
          infiniplex_forest_lined_3, infiniplex_forest_clump_tiny,
          infiniplex_forest_clump_small, infiniplex_forest_clump_small,
          infiniplex_forest_clump_small, palyth_stone_intersect, st_stairs_9,
          minmay_statues_item, due_unseen_surprise, uniq_terence
D:4:      layout_cave_pools, elyvilon_altar_1, uniq_natasha
D:5:      layout_loops_ring, mainiacjoe_overflow_alcove_2,
          minmay_temple_entry_waves, gammafunk_ghost_grave
D:6:      layout_cave_pods, grunt_temple_overflow_gold_and_silver,
          evilmike_ruin_ashenzari, minmay_misc_feat_alley
D:7:      layout_rooms, mainiacjoe_overflow_swirl, lemuel_crystal_altar,
          serial_co_window_serial, co_window_paths_a,
          co_window_of_opportunity_a, co_window_of_opportunity_a,
          co_window_of_opportunity_a, co_window_corner_a, co_window_2corner,
          co_window_2corner, co_window_broadway_b, co_window_corner_b,
          co_window_of_opportunity_b, co_window_4corner_b, glass_columns_b,
          glass_columns_a, glass_columns_a, glass_columns_c, uniq_prince_ribbit1
D:8:      layout_basic, minmay_misc_feat_tower, uniq_joseph, uniq_psyche
D:9:      layout_basic, david_lair_shrubbed, chequers_jeans
D:10:     layout_roguey, general_overflow_altar, zombieorc2_lemuel,
          serial_shops, nicolae_shop_mannequins
D:11:     layout_basic, portal_ice_cave_entry_ice_simulacra,
          nrook_guardian_serpent_ordinary, uniq_erica, uniq_maurice
Temple:   hellmonk_temple_forest_ring
IceCv:    ice_cave_caverns_02

Skill      XL: |  1  2  3  4  5  6  7  8  9 10 11 |
---------------+----------------------------------+-----
Fighting       | 1 2 4 |  4.3
Polearms       | 2 4 7 11 13 14 | 14.0
Shields        | 1 3 5 |  5.1
Armour         | 7 |  7.2
Dodging        | 4 |  4.1
Stealth        | |  1.8
Unarmed Combat | |  0.1
Spellcasting   | |  2.2
Summonings     | |  4.5

Action                     |  1- 3 |  4- 6 |  7- 9 | 10-12 || total
---------------------------+-------+-------+-------+-------++-------
  Melee: Unarmed           |    66 |       |       |       ||    66
         Spear             |    59 |    43 |       |       ||   102
         Trident           |       |    56 |   539 |  1142 ||  1737
   Cast: Summon Small Mamm |    13 |     6 |       |       ||    19
 Invoke: Potion Petition   |       |       |       |     2 ||     2
    Use: Potion            |     1 |       |     2 |     3 ||     6
         Scroll            |       |     6 |     4 |     5 ||    15
   Stab: Sleeping          |     6 |       |     2 |     1 ||     9
         Distracted        |       |       |       |     2 ||     2
 Armour: Robe              |    17 |       |       |       ||    17
         Ring mail         |    11 |    23 |   123 |   201 ||   358
         Animal skin       |       |       |       |    59 ||    59
  Dodge: Dodged            |    53 |    49 |   208 |   309 ||   619
  Block: Other             |       |     2 |       |       ||     2
         Buckler           |       |    27 |   210 |   315 ||   552

Table legend: (Time is in decaauts)
 A = Elapsed time spent in this place.
 B = Non-inter-level travel time spent in this place.
 C = Inter-level travel time spent in this place.
 D = Time resting spent in this place.
 E = Time spent auto-exploring this place.
 F = Levels seen in this place.
 G = Mean time per level.
                   A        B        C        D        E       F      G
               +--------+--------+--------+--------+--------+-----+--------+
         Total |  11937 |  11359 |    578 |   1839 |   6666 |  13 |  918.2 |
       Dungeon |  10429 |   9870 |    559 |   1152 |   6254 |  11 |  948.1 |
        Temple |    164 |    146 |     18 |      0 |    136 |   1 |  164.0 |
      Ice Cave |   1343 |   1343 |      0 |    686 |    276 |   1 | 1343.0 |
               +--------+--------+--------+--------+--------+-----+--------+

Top non-repeatable levels by time:
   IceCv: 1343 daAuts
     D:8: 1255 daAuts
     D:5: 1242 daAuts
     D:6: 1186 daAuts
     D:9: 1122 daAuts
     D:1: 1094 daAuts
    D:10: 991 daAuts
     D:7: 974 daAuts
     D:3: 798 daAuts
     D:4: 784 daAuts
     D:2: 776 daAuts
    D:11: 204 daAuts
  Temple: 164 daAuts
